 Dungeon Crawl Stone Soup version 0.28-a0-1396-gdcb3f3653b (webtiles) character file.

Game seed: 18417631897461830295

103274 Lekart the Pandemonic (level 15, -9/125 HPs)
             Began as a Pale Draconian Fighter on Jan 5, 2022.
             Was a High Priest of Makhleb.
             Killed by divine providence
             ... invoked by a meliai
              (14 damage)
             ... on level 14 of the Dungeon on Jan 6, 2022.
             The game lasted 01:11:28 (22047 turns).

Lekart the Pandemonic (Pale Draconian Fighter)     Turns: 22047, Time: 01:11:28

Health: -9/125     AC: 19    Str: 22    XL:     15   Next: 88%
Magic:  28/28      EV: 18    Int: 16    God:    Makhleb [*****.]
Gold:   1313       SH: 25    Dex: 24    Spells: 14/14 levels left

rFire   . . .      SeeInvis .   f - +11 long sword of the Scavenger {freeze, Drain Dex+3}
rCold   + . .      Faith    .   L - +4 tower shield {rC+}
rNeg    + . .      Spirit   .   (armour unavailable)
rPois   .          Reflect  .   d - -1 hat "Nosiuty" {Dex+5}
rElec   +          Harm     .   n - +2 cloak
rCorr   +          Rampage  .   w - +0 pair of gloves
Will    ++...      Clarity  +   E - +2 pair of boots "Tosch" {+Blink rElec Str+3}
Stlth   +++.......              x - amulet "Agaitz" {Fragile rN+ Regen+ rCorr Int+6}
HPRegen 1.10/turn               o - +4 ring of protection
MPRegen 0.21/turn               B - ring of Meohodd {Will+ Slay+3}

@: about to teleport, marked
A: breathe steam, AC +9, unfitting armour, cold-blooded, steam resistance,
clarity, evolution 1, noise suppression
a: Breathe Steam, Renounce Religion, Evoke Blink, Minor Destruction, Lesser
Servant of Makhleb, Major Destruction, Greater Servant of Makhleb


You were on level 14 of the Dungeon.
You worshipped Makhleb.
Makhleb was extremely pleased with you.
You visited 5 branches of the dungeon, and saw 24 of its levels.
You also visited: Ice Cave.

You collected 2499 gold pieces.
You spent 1186 gold pieces at shops.

Inventory:

Hand Weapons
 a - a +4 long sword of electrocution
 f - the +11 long sword of the Scavenger (weapon) {freeze, Drain Dex+3}
   (You found it on level 2 of the Dungeon)

   It freezes those it strikes, dealing additional cold damage.
   It can also slow down cold-blooded creatures.
   Dex:       It affects your dexterity (+3).
   Drain:     It drains your maximum health when unequipped.
 t - the +9 dagger "Ahicko" {vorpal, rF+ Str+6}
   (You found it on level 6 of the Dungeon)

   It inflicts extra damage upon your enemies.
   Str:       It affects your strength (+6).
   rF:        It protects you from fire.
 J - a +3 scimitar of flaming
 W - the +2 spear of Brawling {elec, rElec}
   (You found it on level 1 of the Snake Pit)

   It occasionally discharges a powerful burst of electricity upon striking a
   foe.
   rElec:     It insulates you from electricity.
Armour
 d - the -1 hat "Nosiuty" (worn) {Dex+5}
   (You found it on level 8 of the Dungeon)

   Dex:       It affects your dexterity (+5).
 h - the +3 pair of seven-league boots {Rampage+∞}
   (You acquired it on level 4 of the Dungeon)

   Its wearer moves as far as possible in that direction when moving towards
   enemies.
 n - a +2 cloak (worn)
 w - a +0 pair of gloves (worn)
 E - the +2 pair of boots "Tosch" (worn) {+Blink rElec Str+3}
   (You bought it in a shop on level 12 of the Dungeon)

   Str:       It affects your strength (+3).
   rElec:     It insulates you from electricity.
   +Blink:    It lets you blink.
 L - a +4 tower shield of cold resistance (worn)
Jewellery
 o - a +4 ring of protection (left hand)
 s - the amulet of Verackot {Regen+ Int+4}
   (You acquired it on level 6 of the Dungeon)

   [amulet of regeneration]

   Int:       It affects your intelligence (+4).
   Regen:     It increases your rate of health regeneration.
 x - the amulet "Agaitz" (around neck) {Fragile rN+ Regen+ rCorr Int+6}
   (You found it on level 13 of the Dungeon)

   [amulet of regeneration]

   Int:       It affects your intelligence (+6).
   rN:        It protects you from negative energy.
   Regen:     It increases your rate of health regeneration.
   rCorr:     It protects you from acid and corrosion.
   Fragile:   It will be destroyed if unequipped.
 B - the ring of Meohodd (right hand) {Will+ Slay+3}
   (You acquired it on level 12 of the Dungeon)

   [ring of willpower]

   Slay:      It affects your accuracy & damage with ranged weapons and melee
   (+3).
   Will:      It increases your willpower.
 C - an amulet of reflection
 V - the amulet of Ustym {Acrobat -Tele Harm rElec}
   (You found it on level 1 of the Snake Pit)

   [amulet of the acrobat]

   It increases your evasion while moving and waiting.
   rElec:     It insulates you from electricity.
   -Tele:     It prevents most forms of teleportation.
   Harm:      It increases damage dealt and taken.
Wands
 p - a wand of paralysis (4)
 F - a wand of iceblast (4)
 H - a wand of acid (4)
 P - a wand of charming (6)
Scrolls
 b - a scroll of holy word
 k - a scroll of amnesia
 q - 3 scrolls of fog
 v - 3 scrolls of vulnerability
 y - 2 scrolls of fear
 K - 2 scrolls of magic mapping
 O - 3 scrolls of teleportation
 Q - 8 scrolls of identify
 S - a scroll of blinking
 T - a scroll of summoning
Potions
 e - a potion of invisibility
 g - 11 potions of ambrosia
 i - 4 potions of lignification
 j - 4 potions of attraction
 l - 4 potions of haste
 m - 7 potions of curing
 r - 3 potions of brilliance
 z - 4 potions of might
 A - 2 potions of resistance
 D - 2 potions of flight
 G - a potion of cancellation
 I - a potion of berserk rage
 R - 3 potions of mutation
 U - a potion of heal wounds
Miscellaneous
 M - a phial of floods
 N - a piece from Xom's chessboard (15/15)


   Skills:
 + Level 9.5 Fighting
 + Level 13.7 Long Blades
 + Level 1.2 Throwing
 + Level 9.6 Dodging
 + Level 1.9 Stealth
 * Level 14.4 Shields
 * Level 18.2 Invocations
 + Level 4.5 Evocations


You had 14 spell levels left.
You didn't know any spells.
Your spell library contained the following spells:

 Spells                   Type           Power      Damage    Failure   Level
 Animate Skeleton         Necr           0%         N/A       69%         1
 Apportation              Tloc           0%         N/A       69%         1
 Beastly Appendage        Tmut           0%         N/A       69%         1
 Pain                     Necr           0%         1d4       69%         1
 Summon Small Mammal      Summ           0%         N/A       69%         1
 Static Discharge         Conj/Air       0%         N/A       83%         2
 Sublimation of Blood     Necr           0%         N/A       83%         2
 Wereblood                Tmut           0%         N/A       83%         2
 Call Canine Familiar     Summ           0%         N/A       96%         3
 Dazzling Flash           Conj/Hex       0%         N/A       96%         3
 Ozocubu's Armour         Ice            0%         N/A       96%         3
 Portal Projectile        Hex/Tloc       0%         N/A       96%         3
 Spider Form              Tmut/Pois      0%         N/A       96%         3
 Summon Guardian Golem    Hex/Summ       0%         N/A       96%         3
 Tukima's Dance           Hex            0%         N/A       96%         3
 Dispel Undead            Necr           0%         3d6       100%        4
 Hailstorm                Conj/Ice       0%         3d3       100%        4
 Ice Form                 Ice/Tmut       0%         N/A       100%        4
 Leda's Liquefaction      Hex/Erth       0%         N/A       100%        4
 Olgreb's Toxic Radiance  Pois           0%         N/A       100%        4
 Passage of Golubria      Tloc           0%         N/A       100%        4
 Petrify                  Tmut/Erth      0%         N/A       100%        4
 Sticky Flame             Conj/Fire      0%         2d3       100%        4
 Agony                    Necr           0%         N/A       100%        5
 Excruciating Wounds      Necr           0%         N/A       100%        5
 Freezing Cloud           Conj/Ice/Air   0%         6-21      100%        5
 Metabolic Englaciation   Hex/Ice        0%         N/A       100%        5
 Silence                  Hex/Air        0%         N/A       100%        5
 Yara's Violent Unravell  Hex/Tmut       0%         3d3       100%        5
 Conjure Ball Lightning   Conj/Air       0%         3x3d6     100%        6
 Simulacrum               Ice/Necr       0%         N/A       100%        6
 Statue Form              Tmut/Erth      0%         N/A       100%        6
 Orb of Destruction       Conj           0%         N/A       100%        7
 Ozocubu's Refrigeration  Ice            0%         4d5       100%        7
 Spellforged Servitor     Conj/Summ      0%         N/A       100%        7
 Summon Hydra             Summ           0%         N/A       100%        7
 Discord                  Hex            0%         N/A       100%        8
 Disjunction              Tloc           0%         N/A       100%        8
 Ignition                 Fire           0%         3d3       100%        8
 Polar Vortex             Ice            0%         N/A       100%        9


Dungeon Overview and Level Annotations

Branches:
Dungeon (14/15)            Temple (1/1) D:6            Lair (5/6) D:11
  Snake (2/4) Lair:4       Spider (0/4) Lair:4          Orc (2/2) D:9
    Elf (0/3) Orc:2        Vaults (0/5) D:14          IceCv (visited)
  Slime: Lair:5-6

Altars:
Ashenzari
Cheibriados
Dithmenos
Elyvilon
Fedhas
Gozag
Hepliaklqana
Kikubaaqudgha
Makhleb
Nemelex Xobeh
Okawaru
Qazlal
Ru
Sif Muna
Trog
Uskayaw
Vehumet
Wu Jian
Xom
Yredelemnul
Zin
The Shining One
Beogh

Shops:
D:7 [   D:12 [   Orc:2 :[*(   Snake:1 ([

Portals:
Trove: D:13 (give 6 potions of haste)

Annotations:
Snake:1 exclusion: downstairs


Innate Abilities, Weirdness & Mutations

You can breathe blasts of scalding, opaque steam.
Your pale cyan-grey scales are hard. (AC +9)
You cannot fit into any form of body armour.
You are cold-blooded and may be slowed by cold attacks.
You are immune to the effects of steam.
You possess an exceptional clarity of mind.
You have hidden genetic potential.
You passively dampen the noise of your surroundings.


Message History

The meliai hits you with a +0 war axe.
The meliai stings you but does no damage.
The meliai calls down the wrath of its god upon you.
Something smites you! The meliai closely misses you.
You block the meliai's attack. x2
The meliai hits your blizzard demon with a +0 hand axe.
The meliai stings you but does no damage.
The meliai misses your blizzard demon. The meliai stings your blizzard demon.
The meliai calls down the wrath of its god upon you.
Something smites you!
* * * LOW HITPOINT WARNING * * *
The meliai mumbles some strange prayers to its god against you.
Something smites you!
* * * LOW HITPOINT WARNING * * *
Your blizzard demon hits the meliai. x2
The meliai hits your blizzard demon with a +0 hand axe.
The meliai stings your blizzard demon but does no damage.
Okay, then.
Okay, then.
Blink to where?
Press: ? - help, Dir - move target, p - meliai
As you read the scroll of blinking, it crumbles to dust.
The meliai calls down the wrath of its god upon your blizzard demon.
Your blizzard demon is smitten.
The meliai barely misses your blizzard demon.
The meliai stings your blizzard demon but does no damage.
The meliai calls down the wrath of its god upon you.
Something smites you!
* * * LOW HITPOINT WARNING * * *
The meliai invokes the aid of its god against you.
Something smites you!
* * * LOW HITPOINT WARNING * * *
Your blizzard demon gestures at the meliai.
The freezing blast engulfs the meliai!!
As you read the scroll of teleportation, it crumbles to dust.
You feel strangely unstable.
The meliai is engulfed in freezing vapours.
The meliai calls down the wrath of its god upon you.
Something smites you!
You die...

#.........##.#...#.##...........
#..........#.......#............
...........+...∩...'............
...........#.......#............
..........##.#...#.##...........
.........####.....####..##......
........## ###'### ##..#....).
........## ##...## ##..#......
##.......####..@..####...#......
#........##.......##....#......
#.......................#......
####...y2§..............#......
#...y§.y.............#######
#...§☼..................
#...☼☼§.................
##.......................
#.......................


You could see 3 meliai and a friendly blizzard demon (summoned).

Vanquished Creatures
  Kirke (Lair:4)
  Nessos (Lair:4)
  An ettin (Orc:1)
  Josephine (Orc:1)
  4 boulder beetles
  The ghost of MacCMillion the Transmogrifier, a journeyman FeSu of Gozag (Snake:1)
  An ogre mage (D:13)
  7 hydras
  4 vault guards
  A centaur warrior (D:14)
  A catoblepas (D:14)
  2 anacondas (Snake:1)
  A tengu warrior (D:13)
  7 two-headed ogres
  10 death yaks
  A shock serpent (Snake:1)
  2 naga sharpshooters (Snake:1)
  An orc high priest (Orc:2)
  The ghost of masacerus the Geomancer, a novice GrEE of Hepliaklqana (D:8)
  3 skeletal warriors (D:13)
  A deep troll (Orc:1)
  An ugly thing (D:8)
  2 deep elf pyromancers
  An oklob plant (Lair:3)
  2 orc knights (Orc:1)
  2 wolf spiders (Lair:4)
  3 orc sorcerers
  2 manticores
  2 cyclopes
  5 black mambas
  A black mamba (shapeshifter) (D:13)
  2 ice statues
  16 elephants
  2 naga magi (Snake:1)
  A torpor snail (Lair:4)
  A gargoyle (D:14)
  17 cane toads
  11 komodo dragons
  An efreet (D:14)
  2 kobold demonologists (D:14)
  A freezing wraith (D:14)
  2 rime drakes (Lair:5)
  A yaktaur (D:11)
  4 trolls
  2 ice devils (Lair:4)
  3 meliai (Lair:5)
  13 polar bears
  2 queen bees
  A merfolk (D:9)
  A hornet (D:7)
  10 blink frogs
  2 dream sheep (Lair:4)
  4 slime creatures
  A spriggan (Lair:2)
  6 wraiths
  3 shadows
  A vampire (D:9)
  7 wyverns
  49 yaks
  A dire elephant simulacrum (Lair:4)
  3 basilisks
  5 steam dragons
  A redback (Lair:4)
  5 vampire mosquitoes
  2 wargs (Orc:1)
  A two-headed ogre zombie (D:9)
  Duvessa (D:7)
  10 nagas
  18 water moccasins
  An ice beast (D:5)
  A sky beast (D:5)
  4 black bears
  28 orc warriors
  4 ogres
  32 wolves
  9 centaurs
  A phantom (D:9)
  5 kobold brigands
  9 bullfrogs
  2 gnoll sergeants
  A wyvern zombie (D:7)
  3 scorpions
  A troll zombie (D:9)
  Dowan (D:7)
  A water moccasin skeleton (D:5)
  61 killer bees
  19 wights
  An electric eel (Lair:2)
  3 howler monkeys
  2 centaur zombies
  4 hounds
  2 bullfrog zombies (D:5)
  21 orc priests
  2 jellies
  3 bullfrog skeletons
  Ijyb (D:2)
  Terence (D:3)
  24 orc wizards
  Natasha (twice) (D:2)
  4 iguanas
  11 hell rats
  A troll simulacrum (Lair:4)
  A spriggan simulacrum (Lair:4)
  A killer bee zombie (D:7)
  6 ogre zombies (D:9)
  A hound zombie (D:5)
  A mummy (D:5)
  5 adders
  11 gnolls
  A naga simulacrum (Lair:4)
  A river rat (Lair:5)
  A howler monkey skeleton (D:6)
  A white imp (D:6)
  An ufetubus (D:4)
  A worm (D:3)
  6 dart slugs
  65 orcs
  4 endoplasms
  4 giant cockroaches
  13 goblins
  8 hobgoblins
  15 jackals
  9 quokkas
  4 ball pythons
  9 bats
  3 frilled lizards
  A goblin skeleton (D:9)
  3 goblin zombies (D:9)
  3 hobgoblin zombies (D:9)
  26 kobolds
  4 orc skeletons (D:9)
  14 orc zombies (D:9)
  6 rats
780 creatures vanquished.

Vanquished Creatures (collateral kills)
  A frost giant (IceCv)
  An orc warlord (Orc:2)
  An ice dragon (Lair:4)
  A hydra (Lair:4)
  3 death yaks (IceCv)
  A shock serpent (Snake:1)
  A skeletal warrior (D:13)
  2 orc knights (Orc:2)
  2 orc sorcerers (Orc:2)
  An ice devil (Lair:4)
  4 polar bears
  A jumping spider (Lair:4)
  5 yaks
  A redback (Lair:4)
  An orc warrior (Orc:2)
  5 wolves
  An orc priest (Orc:2)
  2 orc wizards (Orc:2)
  An orc (Orc:2)
35 creatures vanquished.

Vanquished Creatures (others)
  A yak (Lair:4)
  An orc (Orc:1)
  2 bushes
  36 fungi
  80 plants
120 creatures vanquished.

Grand Total: 935 creatures vanquished

Notes
Turn   | Place    | Note
-------+----------+-------------------------------------------
     0 | D:1      | Lekart the Draconian Fighter began the quest for the Orb.
     0 | D:1      | Reached XP level 1. HP: 19/19 MP: 1/1
    95 | D:1      | Reached XP level 2. HP: 23/26 MP: 2/2
   623 | D:1      | Reached XP level 3. HP: 28/31 MP: 3/3
   944 | D:2      | Found a shimmering altar of Xom.
  1032 | D:2      | Identified the +11 long sword of the Scavenger {freeze,
                  | Drain Dex+3}
  1102 | D:2      | Noticed Natasha
  1114 | D:2      | Killed Natasha
  1115 | D:2      | Reached XP level 4. HP: 5/40 MP: 4/4
  1566 | D:2      | Noticed Ijyb
  1573 | D:2      | Killed Ijyb
  1576 | D:2      | Reached XP level 5. HP: 37/46 MP: 5/5
  1891 | D:2      | Noticed Natasha
  1894 | D:2      | Killed Natasha
  2682 | D:3      | Noticed Terence
  2688 | D:3      | Killed Terence
  2736 | D:3      | Found a snail-covered altar of Cheibriados.
  2737 | D:3      | Found a broken altar of Ashenzari.
  2739 | D:3      | Found a hide-covered altar of Uskayaw.
  2739 | D:3      | Found a glowing silver altar of Zin.
  2741 | D:3      | Found an iron altar of Okawaru.
  2743 | D:3      | Found a shadowy altar of Dithmenos.
  2939 | D:3      | Reached XP level 6. HP: 52/52 MP: 6/6
  3303 | D:4      | Identified a scroll of acquirement
  3303 | D:4      | Acquired the +3 pair of seven-league boots {Rampage+∞}
  3303 | D:4      | Found the +3 pair of seven-league boots {Rampage+∞}
  3455 | D:4      | Reached skill level 5 in Long Blades
  3676 | D:5      | Entered Level 5 of the Dungeon
  3683 | D:5      | Noticed a sky beast
  3687 | D:5      | Killed a sky beast
  3703 | D:5      | Your scales start taking on a pale cyan-grey colour.
  3703 | D:5      | Reached XP level 7. HP: 59/59 MP: 7/7
  3703 | D:5      | Gained mutation: You are immune to the effects of steam.
                  | [Pale Draconian growth]
  3742 | D:5      | Noticed a yak
  3751 | D:5      | Noticed a yak
  3751 | D:5      | Noticed a yak
  3751 | D:5      | Noticed a yak
  3757 | D:5      | Killed a yak
  3758 | D:5      | Reached skill level 5 in Shields
  3802 | D:4      | Killed a yak
  4054 | D:5      | Killed a yak
  4055 | D:5      | Reached XP level 8. HP: 51/67 MP: 8/8
  4059 | D:5      | Reached skill level 5 in Fighting
  4915 | D:6      | Reached skill level 5 in Dodging
  5132 | D:6      | Reached XP level 9. HP: 74/74 MP: 9/9
  5147 | D:6      | Found a staircase to the Ecumenical Temple.
  5157 | D:6      | Acquired the amulet of Verackot {Regen+ Int+4}
  5219 | D:6      | Identified the +9 dagger "Ahicko" {vorpal, rF+ Str+6}
  5252 | Temple   | Entered the Ecumenical Temple
  5460 | Temple   | Became a worshipper of Makhleb the Destroyer
  6092 | D:6      | Gained mutation: You are frail. (-10% HP) [potion of
                  | mutation]
  6092 | D:6      | Gained mutation: Potions are less effective at restoring
                  | your health. [potion of mutation]
  6092 | D:6      | Gained mutation: You have sharp toenails. [potion of
                  | mutation]
  6141 | D:7      | Reached skill level 1 in Invocations
  6343 | D:7      | Found Vemoffuj's Armour Shop.
  6351 | D:7      | Bought a +0 kite shield for 58 gold pieces
  6441 | D:7      | Noticed Duvessa
  6446 | D:7      | Noticed Dowan
  6455 | D:7      | Killed Duvessa
  6457 | D:7      | Killed Dowan
  6458 | D:7      | Reached skill level 2 in Invocations
  6607 | D:7      | Reached * piety under Makhleb
  7145 | D:8      | Paralysed by a hornet for 2 turns
  7145 | D:8      | Noticed a red ugly thing
  7151 | D:7      | Reached skill level 3 in Invocations
  7193 | D:8      | Killed a red ugly thing
  7194 | D:8      | Reached skill level 10 in Long Blades
  7194 | D:8      | Reached XP level 10. HP: 46/74 MP: 12/12
  7246 | D:8      | Reached skill level 1 in Throwing
  7554 | D:8      | Noticed a manticore
  7562 | D:8      | Killed a manticore
  7581 | D:8      | Reached skill level 4 in Invocations
  7597 | D:8      | Reached ** piety under Makhleb
  7632 | D:8      | Identified the +5 hand crossbow of the Undead {elec, Will+
                  | Int+4 Dex+6}
  7756 | D:8      | Found a runed translucent gate.
  7756 | D:8      | Noticed masacerus's ghost (novice GrEE)
  7757 | D:8      | Found a runed translucent gate.
  7800 | D:8      | Found a runed translucent gate.
  7809 | D:8      | Identified the +0 chain mail of the Grey Skies {*Slow rN+
                  | Dex+3 Stlth+}
  7956 | D:8      | Noticed a two-headed ogre
  7962 | D:8      | Killed a two-headed ogre
  8086 | D:8      | Killed masacerus's ghost
  8087 | D:8      | Reached skill level 5 in Invocations
  8161 | D:8      | Identified the -1 hat "Nosiuty" {Dex+5}
  8330 | D:9      | Found a staircase to the Orcish Mines.
  8347 | D:9      | Reached XP level 11. HP: 82/82 MP: 13/15
  8368 | D:9      | Reached *** piety under Makhleb
  8560 | D:9      | Noticed a two-headed ogre
  8565 | D:9      | a two-headed ogre changed into a merfolk
  8573 | D:9      | Reached skill level 6 in Invocations
  8638 | D:9      | Reached **** piety under Makhleb
  9147 | D:10     | Entered Level 10 of the Dungeon
  9811 | D:11     | Noticed Snorg
  9812 | D:11     | Noticed Snorg
  9812 | D:11     | Snorg changed into Snorg the jumping spider
  9813 | D:11     | Noticed Snorg
  9813 | D:11     | Snorg the jumping spider changed into Snorg the fire crab
  9814 | D:11     | Noticed Snorg
  9814 | D:11     | Snorg the fire crab changed into Snorg the yaktaur
  9817 | D:11     | Killed Snorg the yaktaur
  9876 | D:11     | Reached skill level 7 in Invocations
  9982 | D:11     | Noticed a two-headed ogre
  9986 | D:11     | Killed a two-headed ogre
  9991 | D:11     | Reached skill level 1 in Evocations
  9995 | D:11     | Reached skill level 8 in Invocations
 10057 | D:11     | Found a staircase to the Lair.
 10550 | D:12     | Reached skill level 9 in Invocations
 10564 | D:12     | Found Ydujip's Antique Armour Emporium.
 10573 | D:12     | Bought a pair of encrusted boots for 171 gold pieces
 10573 | D:12     | Identified the +2 pair of boots "Tosch" {+Blink rElec
                  | Str+3} (You bought it in a shop on level 12 of the Dungeon)
 10610 | D:12     | Reached XP level 12. HP: 90/90 MP: 19/19
 10673 | D:12     | Noticed an eight-headed hydra
 10682 | D:12     | Killed an eight-headed hydra
 10683 | D:12     | Reached skill level 10 in Shields
 10683 | D:12     | Reached skill level 10 in Invocations
 10946 | D:12     | Acquired the ring of Meohodd {Will+ Slay+3}
 11138 | D:13     | Noticed a boulder beetle
 11153 | D:13     | Killed a boulder beetle
 11183 | D:13     | Reached skill level 11 in Invocations
 11236 | D:13     | Identified the amulet "Agaitz" {Fragile rN+ Regen+ rCorr
                  | Int+6}
 11245 | D:13     | Noticed a two-headed ogre
 11245 | D:13     | Noticed a two-headed ogre
 11245 | D:13     | Noticed a two-headed ogre
 11247 | D:13     | Noticed a two-headed ogre
 11247 | D:13     | Noticed an ogre mage
 11248 | D:13     | Noticed a two-headed ogre
 11254 | D:13     | Killed a two-headed ogre
 11264 | D:13     | Killed a two-headed ogre
 11272 | D:13     | Killed an ogre mage
 11273 | D:13     | Reached skill level 12 in Invocations
 11273 | D:13     | Killed a two-headed ogre
 11278 | D:13     | Killed a two-headed ogre
 11282 | D:13     | Killed a two-headed ogre
 11781 | D:13     | Found a portal to a secret trove of treasure.
 11908 | D:14     | Noticed a catoblepas
 11930 | D:14     | Killed a catoblepas
 12014 | D:14     | Noticed a boulder beetle
 12164 | Orc:1    | Entered Level 1 of the Orcish Mines
 12387 | Orc:2    | Entered Level 2 of the Orcish Mines
 12387 | Orc:2    | Noticed a two-headed ogre
 12388 | Orc:2    | a two-headed ogre changed into a deep troll
 12509 | Orc:1    | Noticed an ettin
 12527 | Orc:1    | Killed an ettin
 12528 | Orc:1    | Reached XP level 13. HP: 29/96 MP: 22/22
 12769 | Orc:1    | Found a frozen archway.
 12778 | IceCv    | Entered an ice cave
 12852 | IceCv    | Reached ***** piety under Makhleb
 13033 | IceCv    | Reached skill level 13 in Invocations
 13337 | IceCv    | Noticed a frost giant
 13357 | IceCv    | Killed a frost giant
 13364 | IceCv    | Reached skill level 14 in Invocations
 13394 | IceCv    | Identified the +10 longbow "Jics" {vorpal, rElec Stlth+}
 14008 | Orc:2    | Noticed Josephine
 14021 | Orc:1    | Killed Josephine
 14214 | Orc:2    | Noticed an orc warlord
 14255 | Orc:2    | Killed an orc warlord
 14256 | Orc:2    | Reached skill level 15 in Invocations
 14311 | Orc:2    | Reached XP level 14. HP: 94/104 MP: 25/25
 14313 | Orc:2    | Found Qakloabb's Antique Armour Shoppe.
 14328 | Orc:2    | Found Dyrphaiti's Book Shoppe.
 14381 | Orc:2    | Found Takergh's Antique Weapon Shoppe.
 14429 | Orc:2    | Found Zestask's General Store.
 14435 | Orc:2    | Bought a piece from Xom's chessboard (15/15) for 260 gold
                  | pieces
 14435 | Orc:2    | Bought a wand of acid (5) for 234 gold pieces
 14451 | Orc:2    | Bought an ivory hand crossbow for 246 gold pieces
 14451 | Orc:2    | Identified the +2 hand crossbow "Nuseippust" {elec, rF+
                  | rN+} (You bought it in a shop on level 2 of the Orcish
                  | Mines)
 14451 | Orc:2    | Bought a crude whip for 217 gold pieces
 14451 | Orc:2    | Identified the +0 whip "Saqewosi" {venom, rPois rN+} (You
                  | bought it in a shop on level 2 of the Orcish Mines)
 14458 | Orc:2    | Found a staircase to the Elven Halls.
 14729 | Lair:1   | Entered Level 1 of the Lair of Beasts
 14974 | Lair:1   | Lost mutation: You are frail. (-10% HP) [potion of
                  | mutation]
 14974 | Lair:1   | Lost mutation: Potions are less effective at restoring your
                  | health. [potion of mutation]
 14974 | Lair:1   | Lost mutation: You have sharp toenails. [potion of
                  | mutation]
 14974 | Lair:1   | Gained mutation: You have hidden genetic potential. [potion
                  | of mutation]
 14974 | Lair:1   | Gained mutation: You passively dampen the noise of your
                  | surroundings. [potion of mutation]
 16772 | Lair:3   | Noticed a balrug
 16956 | Lair:3   | Reached skill level 16 in Invocations
 17646 | Lair:4   | Noticed Nessos
 17659 | Lair:4   | Killed Nessos
 17660 | Lair:4   | Reached skill level 1 in Stealth
 17949 | Lair:4   | Found a staircase to the Snake Pit.
 18065 | Lair:4   | Reached XP level 15. HP: 117/123 MP: 27/27
 18230 | Lair:4   | Noticed Kirke
 18239 | Lair:4   | Killed Kirke
 18572 | Lair:4   | Found a hole to the Spider Nest.
 18650 | Lair:4   | Gained mutation: You possess an exceptional clarity of
                  | mind. [hidden potential]
 19171 | Lair:5   | Reached skill level 17 in Invocations
 19836 | Lair:5   | Reached ****** piety under Makhleb
 20330 | Snake:1  | Entered Level 1 of the Snake Pit
 20445 | Snake:1  | Found Buebub's Antique Weapon Shop.
 20450 | Snake:1  | Found Joggecw's Antique Armour Shop.
 20912 | Snake:1  | Found a runed translucent door.
 20912 | Snake:1  | Noticed MacCMillion's ghost (journeyman FeSu)
 20927 | Snake:1  | Killed MacCMillion's ghost
 20951 | Snake:1  | Identified the amulet of Ustym {Acrobat -Tele Harm rElec}
 20956 | Snake:1  | Identified the +2 spear of Brawling {elec, rElec}
 21139 | Snake:1  | You fall into a shaft and drop 1 floor!
 21191 | Snake:1  | Reached skill level 18 in Invocations
 21694 | D:14     | Found a basalt altar of Yredelemnul.
 21716 | D:14     | Found a gate to the Vaults.
 22046 | D:14     | HP: 4/125 [meliai/divine providence (11)]
 22047 | D:14     | Killed from afar by a meliai

Illustrated notes

Levels and vault maps discovered:
D:1:      mrwooster_arrival_statue, layout_rooms, serial_forest,
          infiniplex_forest_end_1, infiniplex_forest_3_way,
          infiniplex_forest_end_1, infiniplex_forest_lined_3,
          infiniplex_forest_lined_ring, infiniplex_forest_end_2,
          infiniplex_forest_straight_3, minmay_box_of_dots
D:2:      kennysheep_the_goblin_king, layout_loops_ring, basic_altar,
          mrwooster_statue_mirror, minmay_distorted, uniq_natasha
D:3:      layout_basic, grunt_temple_overflow_open, uniq_ijyb, uniq_terence
D:4:      layout_rooms
D:5:      layout_rooms, gup_ossuary_entry_pyramid,
          minmay_a_box_with_orc_wizards_in_it
D:6:      layout_loops_cross, minmay_temple_entry_sparse_star
D:7:      layout_basic, serial_shops, nicolae_shop_hallway_stairs, minivault_11,
          uniq_duvessa
D:8:      layout_rooms, biasface_ghost_orc_armoury, columned_hall_lemuel,
          minmay_diamond_spiral
D:9:      layout_loops_ring, zombieorc2_lemuel, kennysheep_generic_room_16
D:10:     layout_cave_pools, bh_walls_and_bars
D:11:     layout_irregular_city, minmay_lair_entry_grove, uniq_snorg
D:12:     layout_basic, serial_shops, shop_fountains
D:13:     layout_basic, nicolae_trove_entry_columns, nicolae_elevator_lobby_plus
D:14:     wander_river, layout_irregular_city,
          lightli_vaults_fourway_checkpoint, lemuel_crystal_altar
Temple:   regret_index_temple_sphere_string
Lair:1:   layout_small_grid, serial_forest, infiniplex_forest_zigzag_2,
          infiniplex_forest_side_room, infiniplex_forest_end_3,
          infiniplex_forest_corner_1, infiniplex_forest_clump_large,
          infiniplex_forest_straight_5, infiniplex_forest_lined_corner,
          fungi_pond_lemuel, cheibrodos_lair_caveside_slide,
          serial_bayou_ford_a, hangedman_lair_unloving_vines,
          lemuel_fruit_fields
Lair:2:   layout_regular_city, forest_entry_grove, serial_bayou_shore_a
Lair:3:   layout_gridlike, special_room [special_room_bee]
Lair:4:   dreamdust_isle_of_ice, layout_regular_city,
          minmay_snake_entry_guardpost_medium, spider_nest_entry_funnel_web,
          uniq_nessos, uniq_kirke
Lair:5:   regret_index_tunnel_blossom, layout_cave_pods
Snake:1:  layout_onion_interference, gammafunk_ghost_grave, minmay_shop_star,
          grunt_megastairs_4
Snake:2:  dpeg_oklob_gauntlet, layout_misc_corridors, serial_shops, shop,
          lemuel_fruit_tree
Orc:1:    layout_diamond_mine, basic_altar, portal_ice_cave_entry_pillars_2,
          minmay_orc_temple_b
Orc:2:    grunt_orc_cross, layout_caves, nicolae_orc_lava_room, uniq_josephine

Skill      XL: |  1  2  3  4  5  6  7  8  9 10 11 12 13 14 15 |
---------------+----------------------------------------------+-----
Dodging        | 3 4 5 6 7 8 9 |  9.6
Long Blades    | 3 4 5 7 8 10 11 12 13 | 13.7
Shields        | 4 5 6 7 8 9 10 11 13 14 | 14.4
Fighting       | 4 5 6 7 8 9 |  9.5
Invocations    | 3 5 9 12 15 16 18 | 18.2
Throwing       | 1 |  1.2
Evocations     | 1 3 4 |  4.5
Stealth        | 1 |  1.9

Action                   |  1- 3 |  4- 6 |  7- 9 | 10-12 | 13-15 || total
-------------------------+-------+-------+-------+-------+-------++-------
Melee: Long sword        |   120 |   109 |   219 |   410 |   828 ||  1686
       Tailslap          |    10 |     6 |    35 |    84 |   173 ||   308
       Scimitar          |       |       |       |       |     6 ||     6
Throw: Boomerang         |       |       |     5 |       |       ||     5
       Throwing net      |       |       |       |     3 |       ||     3
Invok: Minor Destruction |       |       |       |   162 |   551 ||   713
       Lesser Servant of |       |       |       |     9 |     3 ||    12
       Major Destruction |       |       |       |     3 |     8 ||    11
       Greater Servant o |       |       |       |       |    13 ||    13
 Abil: Breathe Steam     |       |       |     5 |     6 |     1 ||    12
Evoke: Wand              |       |       |       |    35 |    37 ||    72
       Phial of floods   |       |       |       |       |     2 ||     2
       Piece from Xom's  |       |       |       |       |    19 ||    19
  Use: Scroll            |       |     6 |     6 |    14 |    14 ||    40
       Potion            |       |     2 |     8 |     1 |     7 ||    18
 Stab: Sleeping          |     1 |     5 |       |       |     4 ||    10
       Held in net/web   |       |       |       |     2 |       ||     2
       Paralysed         |       |       |       |     6 |     2 ||     8
       Distracted        |       |       |       |     1 |     2 ||     3
       Petrified         |       |       |       |       |     3 ||     3
Armor: Skin              |    30 |    28 |    74 |   126 |   618 ||   876
Dodge: Dodged            |    85 |    67 |   106 |   263 |   806 ||  1327
Block: Buckler           |    38 |    19 |    34 |       |   100 ||   191
       Kite shield       |       |       |    47 |   296 |    87 ||   430
       Tower shield      |       |       |       |       |  1468 ||  1468

Table legend: (Time is in decaauts)
 A = Elapsed time spent in this place.
 B = Non-inter-level travel time spent in this place.
 C = Inter-level travel time spent in this place.
 D = Time resting spent in this place.
 E = Time spent auto-exploring this place.
 F = Levels seen in this place.
 G = Mean time per level.
                   A        B        C        D        E       F      G
               +--------+--------+--------+--------+--------+-----+--------+
         Total |  22143 |  20992 |   1151 |   2200 |  12738 |  25 |  885.7 |
       Dungeon |  12794 |  12011 |    783 |   1227 |   7945 |  14 |  913.9 |
        Temple |    224 |    208 |     16 |      0 |    145 |   1 |  224.0 |
          Lair |   5753 |   5541 |    212 |    541 |   3269 |   5 | 1150.6 |
     Snake Pit |    877 |    857 |     20 |    129 |    387 |   2 |  438.5 |
  Orcish Mines |   1853 |   1734 |    119 |    232 |    848 |   2 |  926.5 |
      Ice Cave |    639 |    639 |      0 |     71 |    143 |   1 |  639.0 |
               +--------+--------+--------+--------+--------+-----+--------+

Top non-repeatable levels by time:
  Lair:4: 1554 daAuts
     D:2: 1368 daAuts
  Lair:5: 1295 daAuts
     D:7: 1080 daAuts
     D:8: 1052 daAuts
    D:13: 1045 daAuts
  Lair:2: 1034 daAuts
     D:6: 1008 daAuts
     D:9: 966 daAuts
     D:1: 952 daAuts
  Lair:1: 949 daAuts
     D:3: 934 daAuts
   Orc:1: 932 daAuts
   Orc:2: 920 daAuts
  Lair:3: 920 daAuts
